 Dungeon Crawl Stone Soup version 0.30-a0-161-gdd60e06945 (webtiles) character file.

Game seed: 15322003426935522997

17612 qw the Blocker (level 12, -1/75 HPs)
             Began as a Gargoyle Fighter on Sept 27, 2022.
             Was a High Priest of Okawaru.
             Slain by a naga
             ... wielding a +0 dire flail
              (9 damage)
             ... on level 2 of the Lair of Beasts.
             The game lasted 00:05:24 (13176 turns).

qw the Blocker (Gargoyle Fighter)                  Turns: 13176, Time: 00:05:24

Health: -1/75      AC: 32    Str: 27    XL:     12   Next: 49%
Magic:  19/19      EV:  5    Int:  9    God:    Okawaru [*****.]
Gold:   372        SH: 18    Dex:  9    Spells: 11/11 levels left

rFire   . . .      SeeInvis .    Y - +1 broad axe
rCold   + . .      Faith    .    s - +0 tower shield
rNeg    + . .      Spirit   .    r - +0 plate armour
rPois   inf        Reflect  .    i - +1 helmet
rElec   +          Harm     .    h - scarf {repulsion}
rCorr   .          Rampage  .    n - +0 pair of gloves
Will    +....                    b - +3 pair of mountain boots {steadfast, rC+}
Stlth   ..........               (no amulet)
HPRegen 0.22/turn                t - ring "Riezuoba" {Will+ Str+2}
MPRegen 0.16/turn                (no ring)

@: about to teleport, heroic, constricted, repel missiles
A: sickness immunity, AC +8, negative energy resistance 1, electricity
resistance, torment resistance 1, petrification resistance
a: Renounce Religion, Heroism, Finesse, Duel


You were on level 2 of the Lair of Beasts.
You worshipped Okawaru.
Okawaru was extremely pleased with you.
You visited 3 branches of the dungeon, and saw 12 of its levels.

You collected 696 gold pieces.
You spent 324 gold pieces at shops.


Innate Abilities, Weirdness & Mutations

You are immune to sickness and miasma.
Your stone body is resilient. (AC +8)
You are immune to poison.
You resist negative energy. (rN+)
You are resistant to electric shocks. (rElec)
You are resistant to unholy torment.
You are immune to petrification.


   Skills:
 - Level 8.7(13.7) Fighting
 - Level 11.0(16.0) Axes
 - Level 3.0(8.0) Throwing
 - Level 6.1(11.1) Armour
 - Level 2.3(7.3) Dodging
 + Level 11.1(16.1) Shields
 - Level 10.0 Invocations


You had 11 spell levels left.
You didn't know any spells.
Your spell library was empty.

Inventory:

Hand Weapons
 u - a +4 eveningstar of holy wrath
 Y - a +1 broad axe (weapon)
Missiles
 l - 9 boomerangs
 q - 6 javelins (quivered)
 w - 3 silver boomerangs
Armour
 b - the +3 pair of mountain boots (worn) {steadfast, rC+}
   (You acquired it on level 8 of the Dungeon)

   It prevents involuntary movement, except for blinking, teleportation, or
   banishment.
   rC:        It protects you from cold.
 e - a +0 cloak
 h - a scarf of repulsion (worn)
 i - a +1 helmet (worn)
 n - a +0 pair of gloves (worn)
 r - a +0 plate armour (worn)
 s - a +0 tower shield (worn)
Jewellery
 t - the ring "Riezuoba" (left hand) {Will+ Str+2}
   (You took it off an orc on level 7 of the Dungeon)

   [ring of willpower]

   Str:       It affects your strength (+2).
   Will:      It increases your willpower.
Wands
 p - a wand of digging (1)
Scrolls
 a - 4 scrolls of identify
 g - a scroll of teleportation
Potions
 c - 2 potions of curing
 d - 2 potions of might
 f - 3 potions of lignification
 j - a potion of resistance
 k - a potion of cancellation
 m - a potion of magic
 o - a potion of haste

Dungeon Overview and Level Annotations

Branches:
Dungeon (9/15)             Temple (1/1) D:5            Lair (2/5) D:9
  Snake (0/4) Lair:2
  Swamp: Lair:2-3    Shoals: Lair:2-3       Orc: D:9-12

Altars:
Ashenzari
Cheibriados
Elyvilon
Fedhas
Gozag
Kikubaaqudgha
Makhleb
Nemelex Xobeh
Okawaru
Qazlal
Sif Muna
Trog
Uskayaw
Vehumet
Wu Jian
Xom
Yredelemnul
Zin
The Shining One

Shops:
D:4 :   D:5 (   D:9 *

Annotations:
D:2 1 runed translucent door, Crazy Yiuf
D:9 3 runed translucent doors
Lair:1 2 transporters, qw's ghost, journeyman GrFi


Message History

You resist. The naga constricts you.
You hit the naga.
The naga is almost dead.
You hit the naga but do no damage. You hit the naga.
The naga spits poison at you. The splash of poison misses you.
The naga hits you with a +0 flail. The naga constricts you.
You slash the naga!
You kill the naga!
Okawaru accepts your kill.
You barely miss the naga. You hit the naga but do no damage.
You block the naga's attack. The naga grabs you. The naga constricts you.
The naga spits poison at you. You block the splash of poison.
Your base Shields skill increases to level 11!
You hit the naga but do no damage. x2; You slash the naga!
The naga hits you but does no damage. The naga constricts you.
The naga hits you with a +0 dire flail!
You closely miss the naga. You hit the naga but do no damage.
You slash the naga! The naga hits you with a +0 flail!!
The naga constricts you. The naga spits poison at you.
The splash of poison hits you but does no damage.
You resist. The naga hits you but does no damage.
You barely miss the naga. You hit the naga but do no damage. You hit the naga.
The naga hits you with a +0 flail! The naga constricts you.
You block the naga's attack. The naga hits you with a +0 dire flail.
You hit the naga.
The naga is moderately wounded.
You hit the naga. You slash the naga!
You kill the naga!
Okawaru accepts your kill. You block the naga's attack.
The naga constricts you. The naga hits you with a +0 dire flail!
13176 ||| READING 2 scrolls of teleportation.
As you read the scroll of teleportation, it crumbles to dust.
You feel strangely unstable. You block the naga's attack.
The naga constricts you. The naga hits you with a +0 dire flail!
You die...

#.P #P..##.# ...#
##..P...### .
.....#....../..# #####.
.....#........## #.....
...............# #.....
[>............## ##.....
......N).......###......
#N@................
#........###.P.....
###..+#.## ###.....
#....## ##..## #..###
##...# #+## ###.#...
#.##.... ##.......
#P......^


You could see 2 nagas.

Vanquished Creatures
  A boulder beetle (Lair:1)
  A wizard (D:7)
  2 ugly things (D:7)
  2 cyclopes (D:7)
  Joseph (Lair:1)
  A cane toad (Lair:1)
  Psyche (D:9)
  2 rime drakes
  4 komodo dragons
  A polar bear (Lair:1)
  2 trolls (D:7)
  A slime creature (D:7)
  2 wraiths
  15 yaks
  5 wyverns
  A spriggan (shapeshifter) (D:7)
  A basilisk (Lair:1)
  2 steam dragons (D:7)
  A vampire mosquito (D:7)
  Edmund (D:5)
  2 nagas (Lair:2)
  12 water moccasins
  3 orc warriors
  A sky beast (D:7)
  4 black bears
  4 ogres
  5 ice beasts
  5 wolves (Lair:1)
  9 centaurs
  3 phantoms
  4 kobold brigands (D:7)
  A gnoll sergeant (D:9)
  2 necrophages (D:4)
  5 scorpions
  7 bullfrogs
  11 wights
  5 killer bees (D:7)
  2 electric eels (Lair:2)
  2 howler monkeys
  9 orc priests
  4 hounds
  2 jellies
  3 gnoll boudas
  3 iguanas
  11 orc wizards
  Natasha (thrice) (D:2)
  Robin (D:2)
  9 adders
  24 gnolls
  2 shadow imps
  3 white imps
  2 worms
  2 dart slugs
  31 orcs
  8 endoplasms
  2 giant cockroaches
  9 goblins
  9 hobgoblins
  3 kobolds
  2 quokkas
  10 ball pythons
  4 bats
  2 frilled lizards (D:2)
  A kobold zombie (D:5)
  3 rats
296 creatures vanquished.

Vanquished Creatures (others)
  53 fungi
  103 plants
156 creatures vanquished.

Grand Total: 452 creatures vanquished

Notes
Turn   | Place    | Note
-------+----------+-------------------------------------------
     0 | D:1      | qw the Gargoyle Fighter began the quest for the Orb.
     0 | D:1      | Reached XP level 1. HP: 14/14 MP: 1/1
     0 | D:1      | 0 ||| qw: Version: 0.2-a-10-g37ed214
     0 | D:1      | 0 ||| qw: Game counter: 657
     0 | D:1      | 0 ||| qw: Always use a shield: true
     0 | D:1      | 0 ||| qw: God list: Okawaru
     0 | D:1      | 0 ||| qw: Allow faded altars: false
     0 | D:1      | 0 ||| qw: Do Orc after D:15 true
     0 | D:1      | 0 ||| qw: Do second Lair branch before Depths: true
     0 | D:1      | 0 ||| qw: Lair rune preference: random
     0 | D:1      | 0 ||| qw: Plans: Normal, Zot:1-4, God:TSO, Crypt, Tomb,
                  | Pan, Slime:5, Hells, Abyss, Orb
     0 | D:1      | 0 ||| PLANNING D:1-11
   337 | D:1      | Reached XP level 2. HP: 19/19 MP: 2/2
   765 | D:1      | Found a faded altar of an unknown god.
  1093 | D:1      | 1093 ||| UPGRADING to +2 pair of boots.
  1098 | D:1      | 1098 ||| READING 4 scrolls labelled GEOPNIVAPO.
  1099 | D:1      | 1099 ||| READING scroll labelled ARGHUM ITOPOHA.
  1100 | D:1      | 1100 ||| READING scroll labelled OTALIB OKYN.
  1171 | D:2      | Found a stormy altar of Qazlal.
  1208 | D:2      | 1208 ||| DROPPING +0 club.
  1225 | D:2      | Reached skill level 3 in Axes
  1302 | D:2      | Noticed Natasha
  1307 | D:2      | Killed Natasha
  1308 | D:2      | Reached XP level 3. HP: 23/23 MP: 3/3
  1524 | D:2      | Noticed Natasha
  1532 | D:2      | Killed Natasha
  1533 | D:2      | Reached XP level 4. HP: 28/28 MP: 4/4
  1553 | D:2      | Noticed Robin
  1570 | D:2      | Killed Robin
  1865 | D:2      | Noticed Natasha
  1878 | D:2      | Killed Natasha
  1879 | D:2      | Reached XP level 5. HP: 25/32 MP: 5/5
  2030 | D:2      | Found a runed translucent door.
  2031 | D:2      | Noticed Crazy Yiuf
  2110 | D:2      | 2110 ||| UPGRADING to +0 helmet.
  2115 | D:2      | 2115 ||| READING scroll labelled LONWYU BAACK.
  2164 | D:2      | 2164 ||| READING 3 scrolls of identify.
  2164 | D:2      | 2164 ||| IDENTIFYING murky sapphire potion
  2165 | D:2      | 2165 ||| READING 2 scrolls of identify.
  2165 | D:2      | 2165 ||| IDENTIFYING glowing puce potion
  2166 | D:2      | 2166 ||| DROPPING potion of brilliance.
  2616 | D:3      | Reached XP level 6. HP: 38/39 MP: 6/6
  2729 | D:3      | Reached skill level 1 in Dodging
  3138 | D:3      | 3138 ||| READING scroll labelled FEAHITU UTEOMO.
  3139 | D:3      | 3139 ||| DRINKING 2 clear potions.
  3140 | D:3      | 3140 ||| READING 2 scrolls of identify.
  3140 | D:3      | 3140 ||| IDENTIFYING silvery potion
  3141 | D:3      | 3141 ||| DROPPING potion of degeneration.
  3142 | D:3      | 3142 ||| DROPPING potion of flight.
  3202 | D:4      | 3202 ||| STAIRDANCE
  3318 | D:4      | Found Wixtonn's Self-Improvement Boutique.
  3489 | D:4      | 3489 ||| Stepping ~*~*~tactically~*~*~ (stealth).
  3491 | D:4      | 3491 ||| Stepping ~*~*~tactically~*~*~ (stealth).
  3498 | D:4      | 3498 ||| Stepping ~*~*~tactically~*~*~ (hiding).
  3501 | D:4      | 3501 ||| Stepping ~*~*~tactically~*~*~ (hiding).
  3518 | D:4      | 3518 ||| FLEEEEING.
  3519 | D:4      | 3519 ||| FLEEEEING.
  3630 | D:4      | 3630 ||| DROPPING +0 mace.
  3956 | D:4      | 3956 ||| Stepping ~*~*~tactically~*~*~ (stealth).
  3962 | D:4      | Reached skill level 6 in Axes
  3962 | D:4      | Reached XP level 7. HP: 44/44 MP: 7/7
  4189 | D:4      | 4189 ||| UPGRADING to scarf of repulsion.
  4194 | D:4      | 4194 ||| READING scroll labelled LOPSEL XAIDUTOE.
  4195 | D:4      | 4195 ||| READING scroll labelled NOASIDAH FOTZ.
  4196 | D:4      | 4196 ||| DRINKING 2 brown potions.
  4197 | D:4      | 4197 ||| READING 2 scrolls of identify.
  4197 | D:4      | 4197 ||| IDENTIFYING orange potion
  4234 | D:5      | Entered Level 5 of the Dungeon
  4234 | D:5      | Found a staircase to the Ecumenical Temple.
  4235 | D:5      | 4235 ||| PLANNING OSSUARY
  4337 | D:5      | 4337 ||| FLEEEEING.
  4338 | D:5      | 4338 ||| FLEEEEING.
  4339 | D:5      | 4339 ||| STAIRDANCE
  4456 | D:5      | 4456 ||| STAIRDANCE
  4575 | D:5      | 4575 ||| Stepping ~*~*~tactically~*~*~ (hiding).
  4577 | D:5      | 4577 ||| DRINKING potion of curing.
  4577 | D:5      | 4577 ||| (to cure confusion)
  4595 | D:5      | Reached skill level 1 in Throwing
  4597 | D:5      | HP: 11/44 [orc priest/+0 morningstar (3)]
  4601 | D:5      | Reached XP level 8. HP: 8/49 MP: 8/8
  4601 | D:5      | 4601 ||| FLEEEEING.
  4602 | D:5      | 4602 ||| FLEEEEING.
  4603 | D:5      | 4603 ||| FLEEEEING.
  4606 | D:5      | HP: 1/49 [something/magic dart (8)]
  4615 | D:5      | 4615 ||| FLEEEEING.
  4616 | D:5      | 4616 ||| FLEEEEING.
  4617 | D:5      | 4617 ||| FLEEEEING.
  4618 | D:5      | 4618 ||| FLEEEEING.
  4619 | D:5      | 4619 ||| FLEEEEING.
  4620 | D:5      | 4620 ||| FLEEEEING.
  4620 | D:5      | HP: 2/49 [something/magic dart (1)]
  4621 | D:5      | 4621 ||| FLEEEEING.
  4622 | D:5      | 4622 ||| STAIRDANCE
  4918 | D:5      | 4918 ||| STAIRDANCE
  5131 | D:4      | 5131 ||| RIP OSSUARY
  5131 | D:4      | 5131 ||| PLANNING TEMPLE
  5132 | D:5      | 5132 ||| RIP OSSUARY
  5140 | Temple   | Entered the Ecumenical Temple
  5148 | Temple   | 5148 ||| PLANNING OKAWARU WORSHIP
  5292 | Temple   | Became a worshipper of Warmaster Okawaru
  5293 | Temple   | 5293 ||| PLANNING D:1-11
  5333 | D:5      | Found a stormy altar of Qazlal.
  5426 | D:5      | Noticed Edmund
  5434 | D:5      | Killed Edmund
  5436 | D:5      | 5436 ||| FLEEEEING.
  5437 | D:5      | 5437 ||| FLEEEEING.
  5438 | D:5      | 5438 ||| FLEEEEING.
  5439 | D:5      | 5439 ||| FLEEEEING.
  5440 | D:5      | 5440 ||| FLEEEEING.
  5441 | D:5      | 5441 ||| FLEEEEING.
  5442 | D:5      | 5442 ||| FLEEEEING.
  5443 | D:5      | 5443 ||| FLEEEEING.
  5444 | D:5      | 5444 ||| STAIRDANCE
  5489 | D:5      | Reached skill level 6 in Fighting
  5569 | D:5      | Found Pilulep's Antique Weapon Shoppe.
  5579 | D:5      | 5579 ||| BUYING broad axe (88 gold).
  5579 | D:5      | Bought a broad axe for 88 gold pieces
  5579 | D:5      | 5579 ||| SWAPPING to +0 broad axe.
  5580 | D:5      | 5580 ||| DROPPING +1 war axe.
  5607 | D:5      | Reached * piety under Okawaru
  5622 | D:5      | Found a hide-covered altar of Uskayaw.
  5665 | D:5      | Reached skill level 1 in Invocations
  5834 | D:5      | 5834 ||| Stepping ~*~*~tactically~*~*~ (stealth).
  5835 | D:5      | 5835 ||| Stepping ~*~*~tactically~*~*~ (stealth).
  5837 | D:5      | 5837 ||| INVOKING Heroism.
  5924 | D:5      | Found a broken altar of Ashenzari.
  5925 | D:5      | 5925 ||| DROPPING ring of flight.
  5926 | D:5      | 5926 ||| READING scroll labelled GOTAVE RAURCH.
  5999 | D:6      | 5999 ||| INVOKING Heroism.
  6002 | D:6      | Reached XP level 9. HP: 50/55 MP: 7/11
  6003 | D:6      | Reached skill level 3 in Invocations
  6120 | D:6      | 6120 ||| Stepping ~*~*~tactically~*~*~ (stealth).
  6122 | D:6      | 6122 ||| Stepping ~*~*~tactically~*~*~ (hiding).
  6125 | D:6      | 6125 ||| Stepping ~*~*~tactically~*~*~ (hiding).
  6126 | D:6      | 6126 ||| INVOKING Heroism.
  6146 | D:6      | Reached ** piety under Okawaru
  6147 | D:6      | Reached skill level 9 in Axes
  6306 | D:6      | 6306 ||| Stepping ~*~*~tactically~*~*~ (water).
  6392 | D:6      | 6392 ||| INVOKING Heroism.
  6445 | D:6      | 6445 ||| Stepping ~*~*~tactically~*~*~ (hiding).
  6450 | D:6      | 6450 ||| Stepping ~*~*~tactically~*~*~ (stealth).
  6480 | D:6      | 6480 ||| INVOKING Heroism.
  6666 | D:6      | 6666 ||| INVOKING Heroism.
  6707 | D:6      | 6707 ||| UPGRADING to +0 chain mail.
  6717 | D:6      | 6717 ||| DROPPING +0 scale mail.
  6718 | D:6      | 6718 ||| READING scroll labelled ZEPNEC RETHEICW.
  6719 | D:6      | 6719 ||| READING 2 scrolls of identify.
  6719 | D:6      | 6719 ||| IDENTIFYING ruby potion
  6737 | D:7      | 6737 ||| STAIRDANCE
  6807 | D:7      | 6807 ||| STAIRDANCE
  6890 | D:6      | 6890 ||| DROPPING +0 morningstar.
  6894 | D:7      | 6894 ||| STAIRDANCE
  6912 | D:7      | 6912 ||| STAIRDANCE
  7015 | D:7      | 7015 ||| Stepping ~*~*~tactically~*~*~ (stealth).
  7147 | D:7      | 7147 ||| Stepping ~*~*~tactically~*~*~ (hiding).
  7155 | D:7      | 7155 ||| INVOKING Heroism.
  7167 | D:7      | Reached XP level 10. HP: 61/63 MP: 11/13
  7203 | D:7      | Reached *** piety under Okawaru
  7278 | D:7      | Found a hide-covered altar of Uskayaw.
  7296 | D:7      | 7296 ||| DRINKING potion of curing.
  7296 | D:7      | 7296 ||| (to cure confusion)
  7398 | D:7      | 7398 ||| Stepping ~*~*~tactically~*~*~ (cloud).
  7401 | D:7      | 7401 ||| INVOKING Heroism.
  7455 | D:7      | 7455 ||| Stepping ~*~*~tactically~*~*~ (stealth).
  7461 | D:7      | Reached skill level 3 in Throwing
  7524 | D:7      | Noticed a wizard
  7525 | D:7      | 7525 ||| Stepping ~*~*~tactically~*~*~ (stealth).
  7526 | D:7      | 7526 ||| Stepping ~*~*~tactically~*~*~ (stealth).
  7528 | D:7      | 7528 ||| INVOKING Heroism.
  7535 | D:7      | 7535 ||| Stepping ~*~*~tactically~*~*~ (hiding).
  7549 | D:7      | Killed a wizard
  7550 | D:7      | Reached skill level 6 in Armour
  7550 | D:7      | 7550 ||| INVOKING Heroism.
  7566 | D:7      | Reached **** piety under Okawaru
  7608 | D:7      | 7608 ||| INVOKING Heroism.
  7614 | D:7      | Noticed a cyclops
  7619 | D:7      | Noticed a cyclops
  7629 | D:7      | Noticed a brown ugly thing
  7632 | D:7      | 7632 ||| INVOKING Heroism.
  7632 | D:7      | Noticed a purple ugly thing
  7634 | D:7      | 7634 ||| Stepping ~*~*~tactically~*~*~ (hiding).
  7636 | D:7      | 7636 ||| Stepping ~*~*~tactically~*~*~ (hiding).
  7638 | D:7      | 7638 ||| Stepping ~*~*~tactically~*~*~ (hiding).
  7640 | D:7      | 7640 ||| Stepping ~*~*~tactically~*~*~ (hiding).
  7642 | D:7      | 7642 ||| Stepping ~*~*~tactically~*~*~ (hiding).
  7647 | D:7      | Killed a cyclops
  7655 | D:7      | HP: 16/64 [acid (10)]
  7656 | D:7      | 7656 ||| READING scroll of teleportation.
  7760 | D:7      | 7760 ||| Invisible monster not found???
  7891 | D:7      | 7891 ||| INVOKING Heroism.
  7938 | D:7      | 7938 ||| INVOKING Heroism.
  7971 | D:7      | 7971 ||| Stepping ~*~*~tactically~*~*~ (stealth).
  7972 | D:7      | 7972 ||| Stepping ~*~*~tactically~*~*~ (stealth).
  7975 | D:7      | 7975 ||| Stepping ~*~*~tactically~*~*~ (stealth).
  8014 | D:7      | 8014 ||| INVOKING Heroism.
  8020 | D:7      | Killed a cyclops
  8021 | D:7      | Reached skill level 6 in Invocations
  8021 | D:7      | Reached XP level 11. HP: 32/68 MP: 12/15
  8043 | D:7      | 8043 ||| Stepping ~*~*~tactically~*~*~ (stealth).
  8198 | D:7      | 8198 ||| Stepping ~*~*~tactically~*~*~ (stealth).
  8204 | D:7      | Killed a brown ugly thing
  8204 | D:7      | Reached ***** piety under Okawaru
  8205 | D:7      | 8205 ||| FLEEEEING.
  8206 | D:7      | 8206 ||| Stepping ~*~*~tactically~*~*~ (stealth).
  8207 | D:7      | 8207 ||| FLEEEEING.
  8208 | D:7      | 8208 ||| INVOKING Heroism.
  8209 | D:7      | 8209 ||| Stepping ~*~*~tactically~*~*~ (hiding).
  8218 | D:7      | Killed a brown ugly thing
  8220 | D:7      | 8220 ||| Stepping ~*~*~tactically~*~*~ (hiding).
  8249 | D:7      | 8249 ||| INVOKING Heroism.
  8274 | D:7      | 8274 ||| Stepping ~*~*~tactically~*~*~ (stealth).
  8375 | D:7      | 8375 ||| FLEEEEING.
  8376 | D:7      | 8376 ||| FLEEEEING.
  8377 | D:7      | 8377 ||| FLEEEEING.
  8378 | D:7      | 8378 ||| FLEEEEING.
  8379 | D:7      | 8379 ||| FLEEEEING.
  8384 | D:7      | 8384 ||| Stepping ~*~*~tactically~*~*~ (stealth).
  8487 | D:7      | 8487 ||| FLEEEEING.
  8488 | D:7      | 8488 ||| FLEEEEING.
  8489 | D:7      | 8489 ||| FLEEEEING.
  8494 | D:7      | 8494 ||| FLEEEEING.
  8501 | D:7      | 8501 ||| FLEEEEING.
  8502 | D:7      | 8502 ||| FLEEEEING.
  8503 | D:7      | 8503 ||| FLEEEEING.
  8504 | D:7      | 8504 ||| FLEEEEING.
  8508 | D:7      | 8508 ||| FLEEEEING.
  8509 | D:7      | 8509 ||| STAIRDANCE
  8685 | D:6      | 8685 ||| DROPPING orb of energy.
  8686 | D:6      | 8686 ||| READING 2 scrolls of identify.
  8686 | D:6      | 8686 ||| IDENTIFYING sedimented grey potion
  8779 | D:7      | 8779 ||| Stepping ~*~*~tactically~*~*~ (stealth).
  8780 | D:7      | 8780 ||| Stepping ~*~*~tactically~*~*~ (stealth).
  8781 | D:7      | 8781 ||| INVOKING Heroism.
  8797 | D:7      | 8797 ||| READING scroll of enchant armour.
  8797 | D:7      | 8797 ||| ENCHANTING +0 helmet.
  8839 | D:7      | 8839 ||| Stepping ~*~*~tactically~*~*~ (hiding).
  8841 | D:7      | 8841 ||| INVOKING Heroism.
  8868 | D:7      | 8868 ||| Stepping ~*~*~tactically~*~*~ (stealth).
  8869 | D:7      | 8869 ||| Stepping ~*~*~tactically~*~*~ (stealth).
  8871 | D:7      | Identified the ring "Riezuoba" {Will+ Str+2}
  8956 | D:7      | Received a gift from Okawaru
  8970 | D:7      | 8970 ||| DROPPING +4 morningstar.
  9036 | D:7      | Found a snail-covered altar of Cheibriados.
  9042 | D:7      | 9042 ||| INVOKING Heroism.
  9161 | D:7      | 9161 ||| Stepping ~*~*~tactically~*~*~ (stealth).
  9166 | D:7      | 9166 ||| Stepping ~*~*~tactically~*~*~ (stealth).
  9167 | D:7      | 9167 ||| Stepping ~*~*~tactically~*~*~ (stealth).
  9168 | D:7      | 9168 ||| Stepping ~*~*~tactically~*~*~ (stealth).
  9169 | D:7      | 9169 ||| Stepping ~*~*~tactically~*~*~ (stealth).
  9171 | D:7      | 9171 ||| INVOKING Heroism.
  9406 | D:7      | 9406 ||| DROPPING +0 scale mail of cold resistance.
  9407 | D:7      | 9407 ||| UPGRADING to +0 plate armour.
  9417 | D:7      | 9417 ||| DROPPING +0 chain mail.
  9418 | D:7      | 9418 ||| UPGRADING to +0 tower shield.
  9428 | D:7      | 9428 ||| DROPPING +0 buckler.
  9429 | D:7      | 9429 ||| UPGRADING to ring "Riezuoba" {Will+ Str+2}.
  9430 | D:7      | 9430 ||| READING 2 scrolls labelled DABLENWU JONOXO.
  9431 | D:7      | 9431 ||| DROPPING scroll of vulnerability.
  9457 | D:8      | 9457 ||| Stepping ~*~*~tactically~*~*~ (stealth).
  9459 | D:8      | 9459 ||| STAIRDANCE
  9464 | D:8      | 9464 ||| STAIRDANCE
  9503 | D:8      | 9503 ||| STAIRDANCE
  9519 | D:8      | 9519 ||| STAIRDANCE
  9523 | D:7      | 9523 ||| INVOKING Heroism.
  9622 | D:8      | 9622 ||| STAIRDANCE
  9651 | D:8      | 9651 ||| STAIRDANCE
  9838 | D:8      | Found a shimmering altar of Xom.
  9860 | D:8      | 9860 ||| Stepping ~*~*~tactically~*~*~ (hiding).
  9896 | D:8      | Found a bloodstained altar of Trog.
 10063 | D:8      | 10063 ||| DROPPING +2 hat.
 10064 | D:8      | 10064 ||| READING scroll labelled AGOUSUNLYH.
 10064 | D:8      | Identified a scroll of acquirement
 10064 | D:8      | 10064 ||| ACQUIRING +3 pair of mountain boots {steadfast,
                  | rC+}
 10064 | D:8      | Acquired the +3 pair of mountain boots {steadfast, rC+}
 10064 | D:8      | Found the +3 pair of mountain boots {steadfast, rC+}
 10066 | D:8      | 10066 ||| UPGRADING to +3 pair of mountain boots
                  | {steadfast, rC+}.
 10076 | D:8      | 10076 ||| DROPPING +2 pair of boots.
 10123 | D:9      | 10123 ||| Stepping ~*~*~tactically~*~*~ (stealth).
 10132 | D:9      | 10132 ||| INVOKING Heroism.
 10137 | D:9      | Reached skill level 6 in Shields
 10330 | D:9      | 10330 ||| Stepping ~*~*~tactically~*~*~ (stealth).
 10331 | D:9      | 10331 ||| Stepping ~*~*~tactically~*~*~ (stealth).
 10457 | D:9      | Found a staircase to the Lair.
 10461 | D:9      | 10461 ||| INVOKING Heroism.
 10634 | D:9      | Found a runed translucent gate.
 10635 | D:9      | Found a runed translucent gate.
 10635 | D:9      | Found a runed translucent gate.
 10635 | D:9      | Noticed a glowing orange brain
 10636 | D:9      | Noticed a green ugly thing
 10636 | D:9      | Noticed a brown ugly thing
 10637 | D:9      | Noticed a purple ugly thing
 10638 | D:9      | Noticed a red ugly thing
 10638 | D:9      | Noticed a red ugly thing
 10671 | D:9      | 10671 ||| Stepping ~*~*~tactically~*~*~ (stealth).
 10673 | D:9      | 10673 ||| Stepping ~*~*~tactically~*~*~ (hiding).
 10734 | D:9      | Noticed Psyche
 10735 | D:9      | 10735 ||| INVOKING Heroism.
 10738 | D:9      | Killed Psyche
 10775 | D:9      | 10775 ||| INVOKING Heroism.
 10794 | D:9      | Reached skill level 9 in Invocations
 10899 | D:9      | Found Iduemujo's General Store.
 10903 | D:9      | Found Wummua's Specific Store.
 10908 | D:9      | 10908 ||| BUYING +0 pair of gloves (63 gold).
 10908 | D:9      | Bought a +0 pair of gloves for 63 gold pieces
 10908 | D:9      | 10908 ||| BUYING scroll of identify (28 gold).
 10908 | D:9      | Bought a scroll of identify for 28 gold pieces
 10908 | D:9      | 10908 ||| BUYING scroll of teleportation (42 gold).
 10908 | D:9      | Bought a scroll of teleportation for 42 gold pieces
 10908 | D:9      | 10908 ||| BUYING wand of digging (1) (58 gold).
 10908 | D:9      | Bought a wand of digging (1) for 58 gold pieces
 10912 | D:9      | 10912 ||| BUYING scroll of teleportation (45 gold).
 10912 | D:9      | Bought a scroll of teleportation for 45 gold pieces
 11315 | D:9      | 11315 ||| PLANNING LAIR
 11315 | D:9      | 11315 ||| UPGRADING to +0 pair of gloves.
 11339 | Lair:1   | Entered Level 1 of the Lair of Beasts
 11393 | Lair:1   | 11393 ||| INVOKING Heroism.
 11488 | Lair:1   | Noticed Joseph
 11490 | Lair:1   | 11490 ||| INVOKING Heroism.
 11497 | Lair:1   | HP: 11/69 [komodo dragon (7)]
 11498 | Lair:1   | 11498 ||| READING 3 scrolls of teleportation.
 11593 | Lair:1   | 11593 ||| INVOKING Heroism.
 11744 | Lair:1   | 11744 ||| INVOKING Heroism.
 11749 | Lair:1   | Reached XP level 12. HP: 66/75 MP: 17/19
 11987 | Lair:1   | 11987 ||| INVOKING Heroism.
 12013 | Lair:1   | Received a gift from Okawaru
 12055 | Lair:1   | 12055 ||| READING scroll of enchant weapon.
 12055 | Lair:1   | 12055 ||| ENCHANTING +0 broad axe.
 12115 | Lair:1   | Found a transporter.
 12118 | Lair:1   | Found a transporter.
 12123 | Lair:1   | Found a bloodstained altar of Trog.
 12123 | Lair:1   | Noticed qw's ghost (journeyman GrFi)
 12124 | Lair:1   | 12124 ||| Stepping ~*~*~tactically~*~*~ (hiding).
 12139 | Lair:1   | Killed Joseph
 12140 | Lair:1   | Reached skill level 9 in Shields
 12189 | Lair:1   | 12189 ||| INVOKING Heroism.
 12236 | Lair:1   | 12236 ||| INVOKING Heroism.
 12265 | Lair:1   | 12265 ||| INVOKING Heroism.
 12483 | Lair:1   | Noticed a boulder beetle
 12484 | Lair:1   | 12484 ||| INVOKING Heroism.
 12485 | Lair:1   | 12485 ||| INVOKING Finesse.
 12504 | Lair:1   | Killed a boulder beetle
 12693 | Lair:1   | 12693 ||| READING scroll labelled TOCIUSCHOZA.
 12753 | Lair:2   | 12753 ||| Stepping ~*~*~tactically~*~*~ (stealth).
 12755 | Lair:2   | 12755 ||| Stepping ~*~*~tactically~*~*~ (stealth).
 12757 | Lair:2   | 12757 ||| INVOKING Heroism.
 12761 | Lair:2   | Received a gift from Okawaru
 13041 | Lair:2   | 13041 ||| Stepping ~*~*~tactically~*~*~ (hiding).
 13160 | Lair:2   | Found a staircase to the Snake Pit.
 13162 | Lair:2   | 13162 ||| INVOKING Heroism.
 13175 | Lair:2   | HP: 9/75 [naga/+0 dire flail (15)]
 13176 | Lair:2   | 13176 ||| READING 2 scrolls of teleportation.
 13176 | Lair:2   | Slain by a naga

Levels and vault maps discovered:
D:1:      lightli_arrival_noodles, layout_loops_corners, basic_ecumenical_altar
D:2:      layout_basic, basic_altar, nicolae_figureground_sparkle, uniq_robin,
          uniq_natasha, uniq_crazy_yiuf_cottage
D:3:      layout_basic, serial_bayou_lagoon_a
D:4:      minmay_diamond_boxcup, layout_basic, nicolae_shop_self_help
D:5:      layout_basic, kennysheep_mini, mainiacjoe_overflow_swirl,
          minmay_temple_entry_statues_fountains, enter_ossuary_3, serial_shops,
          shop, uniq_edmund
D:6:      layout_rooms, minmay_manual_mullet
D:7:      nzn_winding_woodlands_large [nzn_winding_woodlands_5x5_closed_star,
          nzn_winding_woodlands_5x15_sawtooth,
          nzn_winding_woodlands_5x5_open_star,
          nzn_winding_woodlands_center_diamonds,
          nzn_winding_woodlands_15x15_five_gardens,
          nzn_winding_woodlands_center_pierced_h,
          nzn_winding_woodlands_5x5_three, nzn_winding_woodlands_5x15_jagged,
          nzn_winding_woodlands_5x5_cross], layout_loops_cross,
          mainiacjoe_overflow_24_doors, enter_bailey_6, minmay_ruined_shrine
D:8:      layout_rooms, xom_teletrap_fun, mainiacjoe_overflow_alcove_1
D:9:      layout_basic, due_lair_maze_entry_diamond,
          ploomutoo_gammafunk_ghost_potion_laboratory, nicolae_specific_store,
          uniq_psyche
Temple:   hellmonk_temple_forest_ring
Lair:1:   layout_cellular_growth, gammafunk_ghost_wrathful_warriors, uniq_joseph
Lair:2:   layout_roguey, minmay_swamp_entry_reptiles,
          minmay_snake_entry_guardpost_small, serial_bayou_shore_a

Skill      XL: |  1  2  3  4  5  6  7  8  9 10 11 12 |
---------------+-------------------------------------+-----
Axes           | 2 3 4 5 6 7 8 9 11 | 11.0
Fighting       | 4 5 6 7 8 |  8.7
Dodging        | 1 2 |  2.3
Throwing       | 1 2 3 |  3.0
Invocations    | 2 4 6 9 10 | 10.0
Shields        | 4 5 8 11 | 11.1
Armour         | 5 6 |  6.1

Action                   |  1- 3 |  4- 6 |  7- 9 | 10-12 || total
-------------------------+-------+-------+-------+-------++-------
Melee: War axe           |    89 |   156 |    99 |       ||   344
       Broad axe         |       |       |   184 |   613 ||   797
       Unarmed           |       |       |       |    19 ||    19
Throw: Boomerang         |       |    34 |    17 |     4 ||    55
       Javelin           |       |       |    22 |    52 ||    74
Invok: Heroism           |       |       |     7 |    30 ||    37
       Finesse           |       |       |       |     1 ||     1
  Use: Scroll            |     3 |     5 |     6 |     9 ||    23
       Potion            |       |     1 |     2 |     1 ||     4
 Stab: Distracted        |       |       |       |     1 ||     1
       Confused          |       |       |       |     1 ||     1
Armor: Scale mail        |    44 |    79 |   150 |       ||   273
       Chain mail        |       |       |    30 |   173 ||   203
       Skin              |       |       |       |     5 ||     5
       Plate armour      |       |       |       |   229 ||   229
Dodge: Dodged            |    37 |    68 |   117 |   187 ||   409
       Repelled          |       |       |     6 |     2 ||     8
Block: Buckler           |    18 |    31 |    58 |    53 ||   160
       Tower shield      |       |       |       |   308 ||   308

Table legend:
 A = Non-vault XP
 B = Vault XP
 C = Vault XP percentage of total XP
 D = Non-vault monster count
 E = Vault monster count
 F = Vault count percentage of total count
                 A         B        C        D         E       F
            +---------+---------+-------+---------+---------+-------
      Total |   14052 |   11109 |  44.2 |     211 |      85 |  28.7
            +---------+---------+-------+---------+---------+-------
        D:1 |      27 |       0 |   0.0 |      15 |       0 |   0.0
        D:2 |     103 |      60 |  36.8 |      14 |       8 |  36.4
        D:3 |     198 |       0 |   0.0 |      19 |       0 |   0.0
        D:4 |     341 |     207 |  37.8 |      21 |       8 |  27.6
        D:5 |    1160 |     167 |  12.6 |      23 |       2 |   8.0
        D:6 |    1251 |     829 |  39.9 |      21 |       8 |  27.6
        D:7 |    1099 |    7461 |  87.2 |      37 |      46 |  55.4
        D:8 |     250 |       0 |   0.0 |       4 |       0 |   0.0
        D:9 |    1821 |    1596 |  46.7 |      21 |      10 |  32.3
     Lair:1 |    5916 |     466 |   7.3 |      25 |       1 |   3.8
     Lair:2 |    1886 |     323 |  14.6 |      11 |       2 |  15.4
            +---------+---------+-------+---------+---------+-------
